 Dungeon Crawl Stone Soup version 0.28-a0-1524-ge72afd5fc6 (webtiles) character file.

Game seed: 4310681310460161726

81 shadowrider38 the Poker (level 4, -12/37 HPs)
             Began as a Merfolk Fighter on Jan 17, 2022.
             Mangled by an ogre (16 damage)
             ... on level 5 of the Dungeon.
             The game lasted 00:01:54 (1749 turns).

shadowrider38 the Poker (Merfolk Fighter)           Turns: 1749, Time: 00:01:55

Health: -12/37     AC:  9    Str: 18    XL:     4   Next: 42%
Magic:  4/4        EV:  8    Int:  7    God:
Gold:   88         SH:  4    Dex: 13    Spells: 3/3 levels left

rFire   + + .      SeeInvis .   a - +0 trident
rCold   x . .      Faith    .   c - +0 buckler
rNeg    . . .      Spirit   .   o - +0 fire dragon scales
rPois   .          Reflect  .   (no helmet)
rElec   .          Harm     .   (no cloak)
rCorr   .          Rampage  .   n - +0 pair of gloves
Will    .....                   (no boots)
Stlth   ..........              i - amulet of magic regeneration
HPRegen 0.12/turn               (no ring)
MPRegen 0.49/turn               (no ring)

@: mighty
A: (nimble swimmer 2), mertail
a: no special abilities


You were on level 5 of the Dungeon.
You visited 1 branch of the dungeon, and saw 4 of its levels.

You collected 88 gold pieces.

Inventory:

Hand Weapons
 a - a +0 trident (weapon)
Armour
 c - a +0 buckler (worn)
 n - a +0 pair of gloves (worn)
 o - +0 fire dragon scales (worn)
Jewellery
 i - an amulet of magic regeneration (around neck)
 k - a ring of fire
Scrolls
 b - a scroll of fear {unknown}
 h - a scroll of identify {unknown}
 l - a scroll of noise {unknown}
 m - a scroll of teleportation {unknown}
 q - a scroll of fog {unknown}
Potions
 e - a potion of heal wounds {unknown}
 f - a potion of berserk rage {unknown}
 g - a potion of resistance {unknown}
 j - a potion of curing {unknown}
 p - a potion of degeneration {unknown}


   Skills:
 + Level 4.1 Fighting
 * Level 5.7 Polearms
 - Level 2.1 Armour
 - Level 3.0 Shields


You had 3 spell levels left.
You didn't know any spells.
Your spell library was empty.

Dungeon Overview and Level Annotations

Branches:
Dungeon (3/15)

Altars:
Yredelemnul


Innate Abilities, Weirdness & Mutations

((You are very nimble when in or above water. (Stealth+, EV+, Speed+++)))
Your lower body shifts to a powerful aquatic tail in water.


Message History

An ogre comes into view. It is wielding a +0 giant club.
An ogre is nearby!
Found a spear.
You see here a +0 spear.
A sky beast comes into view.
The sky beast hits you but does no damage.
The ogre pulls the alarm!
The alarm trap emits a blaring wail!
A sentinel's mark forms upon you. You block the sky beast's attack.
You hear a shout! x3; You hear an angry hiss.
You hear a shout!
The sky beast flickers out of sight!
Deactivating autopickup; reactivate with Ctrl-A.
Something hits you. Something shocks you.
A sky beast appears from thin air!
Reactivating autopickup.
You hear the slow hiss of a very distant avalanche of sand.
The sky beast flickers out of sight!
Deactivating autopickup; reactivate with Ctrl-A.
A sky beast appears from thin air!
Reactivating autopickup.
The sky beast flickers out of sight!
Deactivating autopickup; reactivate with Ctrl-A.
The sentinel's mark upon you fades away.
Something hits you but does no damage. Something hits you but does no damage.
Okay, then.
Something hits you but does no damage.
You feel very mighty all of a sudden.
The ogre hits you with a +0 giant club!!
Ouch! That really hurt!
Something hits you but does no damage.
You puncture the ogre!
The ogre is moderately wounded.
Something hits you.
* * * LOW HITPOINT WARNING * * *
Something shocks you.
* * * LOW HITPOINT WARNING * * *
The ogre hits you with a +0 giant club!
You die...

##..## #.# #..# #.#
#..# #.# #..# #{#
###.O# #########.#
#....# #.......#.#
#....# #.........#
#..).# #.....O.###
#....# #....@..#
#....+ #...{...#
#....#######..######
..........#####
..........#
..........+ .
..........######..
..................
##+#..............


You could see an ogre.

Vanquished Creatures
  4 adders (D:2)
  A worm (D:2)
  A dart slug (D:2)
  3 ball pythons
  2 bats
  2 endoplasms
  A giant cockroach (D:1)
  6 goblins
  2 hobgoblins
  3 jackals (D:1)
  2 quokkas (D:1)
  3 frilled lizards
  8 kobolds
  2 rats (D:2)
40 creatures vanquished.

Notes
Turn   | Place    | Note
-------+----------+-------------------------------------------
     0 | D:1      | shadowrider38 the Merfolk Fighter began the quest for the
                  | Orb.
     0 | D:1      | Reached XP level 1. HP: 18/18 MP: 1/1
   189 | D:1      | Reached XP level 2. HP: 24/24 MP: 2/2
   241 | D:1      | Reached skill level 4 in Polearms
   844 | D:1      | Reached XP level 3. HP: 30/30 MP: 3/3
  1194 | D:2      | Reached skill level 5 in Polearms
  1378 | D:2      | Reached XP level 4. HP: 37/37 MP: 4/4
  1561 | D:2      | Found a faded altar of an unknown god.
  1576 | D:2      | Found a basalt altar of Yredelemnul.
  1679 | D:3      | You fall into a shaft and drop 2 floors!
  1679 | D:5      | Entered Level 5 of the Dungeon
  1684 | D:5      | Noticed an ogre
  1704 | D:5      | Noticed a sky beast
  1749 | D:5      | Mangled by an ogre

Illustrated notes

Levels and vault maps discovered:
D:1:      matt_arrival_refuge, layout_basic
D:2:      layout_rooms, basic_altar, shapermc_ecumenical_altar_venn
D:3:      layout_loops_ring, serial_glass, glass_columns_c, glass_columns_a,
          uniq_robin
D:5:      minmay_general_purpose_star, layout_gridville, zin_purify,
          nicolae_ossuary_entry_false_entrances, nicolae_sextant,
          uniq_crazy_yiuf_cottage

Skill      XL: |  1  2  3 |
---------------+----------+-----
Polearms       | 4 5 |  5.7
Fighting       | 4 |  4.1
Armour         | |  2.1
Shields        | |  3.0

Action                   |  1- 3 |  4- 6 || total
-------------------------+-------+-------++-------
Melee: Trident           |    81 |    19 ||   100
  Use: Potion            |       |     1 ||     1
Armor: Scale mail        |    19 |     4 ||    23
       Fire dragon scale |       |     5 ||     5
Dodge: Dodged            |    25 |     6 ||    31
Block: Buckler           |     8 |     4 ||    12

Table legend: (Time is in decaauts)
 A = Elapsed time spent in this place.
 B = Non-inter-level travel time spent in this place.
 C = Inter-level travel time spent in this place.
 D = Time resting spent in this place.
 E = Time spent auto-exploring this place.
 F = Levels seen in this place.
 G = Mean time per level.
                   A        B        C        D        E       F      G
               +--------+--------+--------+--------+--------+-----+--------+
         Total |   1759 |   1696 |     63 |      0 |   1368 |   4 |  439.8 |
       Dungeon |   1759 |   1696 |     63 |      0 |   1368 |   4 |  439.8 |
               +--------+--------+--------+--------+--------+-----+--------+

Top non-repeatable levels by time:
     D:1: 1058 daAuts
     D:2: 608 daAuts
     D:5: 69 daAuts
     D:3: 22 daAuts
